 Dungeon Crawl Stone Soup version 0.31-a0-700-gf13585253f (webtiles) character file.

Game seed: 8180944967069471530

795 qw the Skirmisher (level 7, -3/44 HPs)
             Began as a Gargoyle Hunter on Sept 7, 2023.
             Killed by divine providence
             ... invoked by an orc priest
              (14 damage)
             ... on level 5 of the Dungeon.
             The game lasted 00:01:21 (3131 turns).

qw the Skirmisher (Gargoyle Hunter)                 Turns: 3131, Time: 00:01:22

Health: -3/44      AC: 12    Str: 15    XL:     7   Next: 89%
Magic:  7/7        EV: 11    Int:  9    God:
Gold:   119        SH:  0    Dex: 15    Spells: 6/6 levels left

rFire   . . .        Y - +1 shortbow (freeze)
rCold   . . .        (shield currently unavailable)
rNeg    + . .        a - +0 ring mail
rPois   inf          e - +1 helmet
rElec   +            (no cloak)
rCorr   .            (no gloves)
SInv    .            (no boots)
Will    .....        (no amulet)
Stlth   +            (no ring)
HPRegen 0.27/turn    (no ring)
MPRegen 0.10/turn

%: no passive effects
@: about to teleport
A: sickness immunity, AC +4, negative energy resistance 1, electricity
resistance, torment resistance 1, petrification resistance
a: no special abilities


You were on level 5 of the Dungeon.
You visited 1 branch of the dungeon, and saw 5 of its levels.

You collected 139 gold pieces.
You spent 20 gold pieces at shops.


Innate Abilities, Weirdness & Mutations

You are immune to sickness and miasma.
Your stone body is resilient. (AC +4)
You are immune to poison.
You resist negative energy. (rN+)
You are resistant to electric shocks. (rElec)
You are resistant to unholy torment.
You are immune to petrification.


   Skills:
 - Level 5.0 Fighting
 + Level 8.0 Ranged Weapons
 - Level 2.1 Armour
 - Level 2.0 Dodging
 - Level 1.1 Stealth


You had 6 spell levels left.
You didn't know any spells.
Your spell library was empty.

Inventory:

Hand Weapons
 Y - a +1 shortbow of freezing (weapon)
Armour
 a - a +0 ring mail (worn)
 e - a +1 helmet (worn)
Jewellery
 k - a ring of fire
Scrolls
 h - 2 scrolls of identify
 l - a scroll of teleportation
Potions
 d - a potion of enlightenment
 f - a potion of brilliance {unknown}
 g - a potion of heal wounds

Dungeon Overview and Level Annotations

Branches:
Dungeon (5/15)
 Temple: D:4-7

Altars:
Fedhas
Sif Muna
Uskayaw
Vehumet

Shops:
D:5 [*

Annotations:
D:2 1 runed translucent door, Crazy Yiuf


Message History

You shoot an arrow.
The arrow hits the hound but does no damage.
The hound is almost dead.
The hound barely misses you. x2
An orc comes into view.
It is wielding a +1 vampiric short sword.
You shoot an arrow. The arrow misses the hound.
The hound barely misses you. The hound misses you.
You shoot an arrow. The arrow hits the hound.
The arrow freezes the hound.
You kill the hound!
Your Armour skill increases to level 2!
You shoot an arrow.
The arrow closely misses the orc priest.
The orc priest hits you from afar with a +0 trident.
You shoot an arrow.
The arrow closely misses the orc priest.
The orc priest hits you but does no damage.
You shoot an arrow. The arrow hits the orc priest.
The arrow freezes the orc priest.
The orc priest is moderately wounded.
The orc priest mumbles some strange prayers to Beogh against you.
Pain shoots through your body!
You shoot an arrow. The arrow barely misses the orc priest.
The orc priest barely misses you.
You shoot an arrow. The arrow hits the orc.
The arrow freezes the orc.
You kill the orc!
The orc priest calls down the wrath of Beogh upon you.
Beogh smites you!
You shoot an arrow. The arrow hits the orc priest!
The arrow freezes the orc priest.
The orc priest is almost dead.
The orc priest hits you from afar with a +0 trident.
You shoot an arrow. The arrow barely misses the orc priest.
The orc priest hits you from afar with a +0 trident.
The orc priest barely misses you.
3131 ||| READING 2 scrolls of teleportation.
As you read the scroll of teleportation, it crumbles to dust.
You feel strangely unstable.
The orc priest invokes the aid of Beogh against you.
Beogh smites you!
You die...

#.. .... #.# ...
#.# #.#
##.####.#######
####....##........
#......\..........
#.##..%##########~
#######.###.## #~
.......@# #.# #~
######.)# #.. ##
...o. .### #
###..##. # ...##.
# ....# # #..## #
#..


You could see an orc priest.

Vanquished Creatures
  2 black bears
  An ogre (D:4)
  A bullfrog (D:4)
  A scorpion (D:4)
  2 howler monkeys
  A jelly (D:4)
  2 hounds
  An orc priest (D:4)
  A sleepcap (D:5)
  An orc wizard (D:5)
  Robin (D:3)
  2 adders
  3 worms
  3 dart slugs
  13 orcs
  13 ball pythons
  5 endoplasms
  2 giant cockroaches
  8 hobgoblins
  4 quokkas
  9 bats
  2 frilled lizards
  16 goblins
  8 kobolds
  7 rats
109 creatures vanquished.

Notes
Turn   | Place    | Note
-------+----------+-------------------------------------------
     0 | D:1      | qw the Gargoyle Hunter began the quest for the Orb.
     0 | D:1      | Reached XP level 1. HP: 12/12 MP: 1/1
     0 | D:1      | 0 ||| qw: Version: 0.3-a-76-g4403597
     0 | D:1      | 0 ||| qw: Game counter: 701
     0 | D:1      | 0 ||| qw: Melee chars always use a shield: true
     0 | D:1      | 0 ||| qw: God list: Okawaru
     0 | D:1      | 0 ||| qw: Allow faded altars: false
     0 | D:1      | 0 ||| qw: Do Orc after clearing Dungeon:15 true
     0 | D:1      | 0 ||| qw: Do second Lair branch before Depths: true
     0 | D:1      | 0 ||| qw: Lair rune preference: random
     0 | D:1      | 0 ||| qw: Goals: Normal
     0 | D:1      | 0 ||| PLANNING D:1-11
   110 | D:1      | Reached XP level 2. HP: 17/17 MP: 2/2
   534 | D:1      | Reached XP level 3. HP: 21/21 MP: 3/3
   566 | D:1      | 566 ||| READING scroll labelled FAJUSHR ZOOMI.
   569 | D:1      | 569 ||| DROPPING scroll of butterflies.
   629 | D:2      | Found a runed translucent door.
   630 | D:2      | Noticed Crazy Yiuf
   679 | D:2      | Reached skill level 5 in Ranged Weapons
   947 | D:2      | Reached skill level 3 in Fighting
  1192 | D:2      | Found a radiant altar of Vehumet.
  1250 | D:2      | Reached XP level 4. HP: 28/28 MP: 4/4
  1466 | D:2      | 1466 ||| UPGRADING to +1 helmet.
  1471 | D:2      | 1471 ||| READING scroll labelled GYDETETZIE.
  1472 | D:2      | 1472 ||| READING scroll labelled YWNESAUMIVO.
  1473 | D:2      | 1473 ||| READING scroll labelled VOAVEXI QUCS.
  1490 | D:3      | Found a hide-covered altar of Uskayaw.
  1593 | D:3      | Found a shimmering blue altar of Sif Muna.
  1676 | D:3      | Reached XP level 5. HP: 32/32 MP: 5/5
  1710 | D:3      | Noticed Robin
  1720 | D:3      | Killed Robin
  1721 | D:3      | Reached skill level 6 in Ranged Weapons
  1878 | D:3      | Reached skill level 1 in Armour
  1919 | D:3      | Found a faded altar of an unknown god.
  2176 | D:3      | 2176 ||| READING scroll labelled GUTHIU BI HUE.
  2277 | D:3      | 2277 ||| READING scroll labelled WIEKUPTUS TYIM.
  2278 | D:3      | 2278 ||| READING scroll labelled TUBIXT WIENY.
  2279 | D:3      | 2279 ||| READING scroll labelled UHUIDIUXIO.
  2280 | D:3      | 2280 ||| READING 2 scrolls of identify.
  2280 | D:3      | 2280 ||| IDENTIFYING dark potion
  2370 | D:4      | 2370 ||| FLEEEEING.
  2380 | D:4      | Reached XP level 6. HP: 16/38 MP: 6/6
  2567 | D:4      | Reached skill level 7 in Ranged Weapons
  2578 | D:4      | Reached XP level 7. HP: 43/43 MP: 7/7
  2851 | D:4      | Found a blossoming altar of Fedhas.
  2895 | D:4      | 2895 ||| UPGRADING to +0 ring mail.
  2905 | D:4      | 2905 ||| DROPPING +0 leather armour.
  2906 | D:4      | 2906 ||| READING scroll labelled JIHIXITOELO.
  2907 | D:4      | 2907 ||| READING scroll labelled RYNKU XOWIDAR.
  2908 | D:4      | 2908 ||| READING scroll labelled GIPLUSTUJOZ.
  2909 | D:4      | 2909 ||| DRINKING 2 viscous brown potions.
  2946 | D:5      | Entered Level 5 of the Dungeon
  2966 | D:5      | Reached skill level 8 in Ranged Weapons
  3024 | D:5      | Found Deopton's General Store.
  3029 | D:5      | 3029 ||| SHOPLISTING +2 helmet of intelligence (215 gold,
                  | have 131).
  3029 | D:5      | 3029 ||| SHOPLISTING +4 leather armour of Otaim {Int+3}
                  | (353 gold, have 131).
  3029 | D:5      | 3029 ||| BUYING scroll of identify (20 gold).
  3029 | D:5      | Bought a scroll of identify for 20 gold pieces
  3035 | D:5      | Found Utaesof's Antique Armour Boutique.
  3043 | D:5      | 3043 ||| SHOPLISTING polished cloak (247 gold, have 111).
  3130 | D:5      | HP: 11/44 [orc priest/+0 trident (5)]
  3131 | D:5      | 3131 ||| READING 2 scrolls of teleportation.
  3131 | D:5      | Killed from afar by an orc priest

Levels and vault maps discovered:
D:1:      minmay_arrival_five_plusses, layout_loops_ring
D:2:      layout_loops_corners, serial_rivers, chequers_serial_rivers_marsh,
          chequers_serial_rivers_small_3, chequers_serial_rivers_micro_c,
          chequers_serial_rivers_small_a, chequers_serial_rivers_marsh,
          chequers_serial_rivers_micro_a, basic_altar, uniq_crazy_yiuf_cottage
D:3:      layout_loops_ring, lemuel_doored_altar, mainiacjoe_overflow_boulevard,
          shapermc_ecumenical_altar_acropolis, uniq_robin
D:4:      layout_rooms, fedhas_altar_decomposition
D:5:      layout_loops_ring, zin_purify, serial_shops, nicolae_shop_waterfront,
          shop, shop

Skill      XL: |  1  2  3  4  5  6  7 |
---------------+----------------------+-----
Ranged Weapons | 5 6 7 8 |  8.0
Fighting       | 3 4 5 |  5.0
Armour         | 1 2 |  2.1
Dodging        | 2 |  2.0
Stealth        | |  1.1

Action                     |  1- 3 |  4- 6 |  7- 9 || total
---------------------------+-------+-------+-------++-------
   Fire: Shortbow          |   115 |   154 |    67 ||   336
    Use: Scroll            |     1 |     8 |     4 ||    13
         Potion            |       |       |     1 ||     1
 Armour: Leather armour    |    24 |    42 |    12 ||    78
         Ring mail         |       |       |    17 ||    17
  Dodge: Dodged            |    28 |    26 |    27 ||    81

Table legend:
 A = Non-vault XP
 B = Vault XP
 C = Vault XP percentage of total XP
 D = Non-vault monster count
 E = Vault monster count
 F = Vault count percentage of total count
                 A         B        C        D         E       F
            +---------+---------+-------+---------+---------+-------
      Total |    1099 |      37 |   3.3 |      97 |      12 |  11.0
            +---------+---------+-------+---------+---------+-------
        D:1 |      35 |       0 |   0.0 |      22 |       0 |   0.0
        D:2 |      50 |       0 |   0.0 |      21 |       0 |   0.0
        D:3 |     107 |      37 |  25.7 |      20 |      12 |  37.5
        D:4 |     645 |       0 |   0.0 |      27 |       0 |   0.0
        D:5 |     262 |       0 |   0.0 |       7 |       0 |   0.0
            +---------+---------+-------+---------+---------+-------
